 Dungeon Crawl Stone Soup version 0.23-a0-252-g069075cd5b (webtiles) character file.

143 Deemzul the Covered (level 5, -12/36 HPs)
             Began as a Human Fighter on Sept 29, 2018.
             Was an Initiate of Hepliaklqana.
             Mangled by an ogre
             ... wielding a cursed +0 giant spiked club
              (25 damage)
             ... on level 4 of the Dungeon.
             The game lasted 00:01:54 (2341 turns).

Deemzul the Covered (Human Fighter)                 Turns: 2341, Time: 00:01:55

Health: -12/36     AC:  8    Str: 17    XL:     5   Next: 50%
Magic:  5/5        EV:  8    Int:  8    God:    Hepliaklqana [......]
Gold:   145        SH:  9    Dex: 13    Spells: 4/4 levels left

rFire    + . .     SeeInvis .   a - +0 long sword
rCold    x . .     Gourm    .   c - +0 shield
rNeg     . . .     Faith    .   b - +0 scale mail
rPois    .         Spirit   .   (no helmet)
rElec    .         Reflect  .   (no cloak)
rCorr    +         Harm     .   (no gloves)
MR       .....                  i - +0 pair of boots
Stlth    ..........             (no amulet)
HPRegen  0.12/turn              o - ring of fire
MPRegen  0.09/turn              n - ring of resist corrosion

@: no status effects
A: reduced essence
a: Recall Ancestor, Ancestor Identity, Renounce Religion


You were on level 4 of the Dungeon.
You worshipped Hepliaklqana.
Hepliaklqana was noncommittal.
You were hungry.

You visited 1 branch of the dungeon, and saw 4 of its levels.

You collected 145 gold pieces.

Inventory:

Hand Weapons
 a - a +0 long sword (weapon)
Armour
 b - a +0 scale mail (worn)
 c - a +0 shield (worn)
 i - a +0 pair of boots (worn)
Jewellery
 j - an uncursed ring of flight
 n - a ring of resist corrosion (right hand)
 o - a ring of fire (left hand)
Scrolls
 e - 3 scrolls of magic mapping {unknown}
 h - 5 scrolls of identify {unknown}
 k - 2 scrolls of teleportation {unknown}
 m - a scroll of enchant armour {unknown}
Potions
 d - 2 potions of might
 g - 2 potions of flight {unknown}
 l - a potion of degeneration {unknown}
Comestibles
 f - 2 rations


   Skills:
 + Level 3.5 Fighting
 * Level 3.5 Long Blades
 + Level 3.5 Armour
 + Level 1.6 Dodging
 + Level 3.5 Shields


You had 4 spell levels left.
You didn't know any spells.
Your spell library was empty.

Dungeon Overview and Level Annotations

Branches:
Dungeon (4/15)
 Temple: D:4-7

Altars:
Fedhas
Gozag
Hepliaklqana
Kikubaaqudgha
Sif Muna


Message History

An ogre is nearby!
An ogre is nearby!
You hit the ogre.
The ogre is lightly wounded.
You block the ogre's attack. The ogre barely misses you.
You hit the ogre but do no damage.
The ogre is lightly wounded.
Ur-Dumizida hits the ogre.
You block the ogre's attack.
Your shield prevents you from hitting the ogre.
The ogre is lightly wounded.
Ur-Dumizida hits the ogre.
The ogre hits you with a giant spiked club!!
Ouch! That really hurt!
Unknown command.
You swap places.
Ur-Dumizida hits the ogre but does no damage.
The ogre hits you with a giant spiked club!!
Ouch! That really hurt!
You die...

.. #.# .. #. ###.# #....
#.#....# #....##
#.#....####### #...OR#
#.#....#...... #####@#
#.#....#......
..#######.###.#....#......
.....)......#.#....#......
..########..#.#....#......
#.................
#.#.#.#....#......
#.#...######...... ..#...#
####### ####...########


You could see the friendly Ur-Dumizida the ancestor and an ogre.

Vanquished Creatures
  An orc priest (D:3)
  A hound skeleton (D:4)
  A worker ant zombie (D:3)
  5 adders
  A worm (D:3)
  2 leopard geckos (D:1)
  5 orcs (D:3)
  3 bats
  2 giant cockroaches (D:2)
  3 goblins (D:1)
  2 hobgoblins
  A ball python (D:3)
  3 frilled lizards
  5 kobolds
  A leopard gecko skeleton (D:4)
  A quokka skeleton (D:4)
  8 rats
45 creatures vanquished.

Notes
Turn   | Place    | Note
-------+----------+-------------------------------------------
     0 | D:1      | Deemzul the Human Fighter began the quest for the Orb.
     0 | D:1      | Reached XP level 1. HP: 18/18 MP: 1/1
   195 | D:1      | Reached XP level 2. HP: 20/24 MP: 2/2
   792 | D:2      | Reached XP level 3. HP: 26/29 MP: 3/3
   908 | D:2      | Found an opulent altar of Gozag.
   942 | D:2      | Found a blossoming altar of Fedhas.
  1008 | D:2      | Reached skill level 1 in Dodging
  1016 | D:2      | Reached XP level 4. HP: 32/35 MP: 4/4
  1152 | D:2      | Found a deep blue altar of Sif Muna.
  1485 | D:3      | Found an ancient bone altar of Kikubaaqudgha.
  1951 | D:3      | Reached XP level 5. HP: 41/41 MP: 5/5
  2052 | D:3      | Found a hazy altar of Hepliaklqana.
  2062 | D:3      | Became a worshipper of Hepliaklqana the Forgotten
  2335 | D:4      | Noticed an ogre
  2341 | D:4      | Mangled by an ogre

Vault maps used:
D:1:      scummos_arrival_forest
D:2:      fedhas_altar_3, lemuel_blue_sif_altar, first_ration,
          grunt_gozag_statues
D:3:      overflow_temple_1_default, kiku_gazebo_pond_becter, grunt_ministairs_5
D:4:      kennysheep_mini

Skill      XL: |  1  2  3  4 |
---------------+-------------+-----
Dodging        | 1 |  1.6
Long Blades    | 3 |  3.5
Fighting       | |  3.5
Armour         | |  3.5
Shields        | |  3.5

Action                   |  1- 3 |  4- 6 || total
-------------------------+-------+-------++-------
Melee: Long sword        |   101 |    89 ||   190
  Use: Potion            |       |     2 ||     2
  Eat: Chunk             |       |     4 ||     4
Armor: Scale mail        |    56 |    31 ||    87
Dodge: Dodged            |    27 |    28 ||    55
Block: Shield            |    39 |    37 ||    76
       Rpst.: Long sword |     8 |    16 ||    24

Table legend:
 A = Non-vault XP
 B = Vault XP
 C = Vault XP percentage of total XP
 D = Non-vault monster count
 E = Vault monster count
 F = Vault count percentage of total count
                 A         B        C        D         E       F
            +---------+---------+-------+---------+---------+-------
      Total |     187 |      18 |   8.8 |      43 |       2 |   4.4
            +---------+---------+-------+---------+---------+-------
        D:1 |      22 |       0 |   0.0 |      13 |       0 |   0.0
        D:2 |      48 |       0 |   0.0 |       9 |       0 |   0.0
        D:3 |      96 |      18 |  15.8 |      17 |       2 |  10.5
        D:4 |      21 |       0 |   0.0 |       4 |       0 |   0.0
            +---------+---------+-------+---------+---------+-------
